 Dungeon Crawl Stone Soup version 0.19.0-2-gae57169 (webtiles) character file.

301 MTVSty1e the Shield-Bearer (level 6, 0/49 HPs)
             Began as a Formicid Fighter on Nov 6, 2016.
             Killed by nerve-wracking pain
             ... invoked by Grinder
              (13 damage)
             ... on level 3 of the Dungeon.
             The game lasted 00:05:04 (2143 turns).

MTVSty1e the Shield-Bearer (Formicid Fighter)       Turns: 2143, Time: 00:05:05

Health: 0/49       AC: 10    Str: 27    XL:     6   Next: 64%
Magic:  6/6        EV:  8    Int:  8    God:
Gold:   151        SH: 10    Dex: 10    Spells: 0 memorised, 5 levels left

rFire  . . .     SeeInvis +     a - +0 war axe
rCold  . . .     Gourm    .     e - +0 chain mail (curse)
rNeg   . . .     Faith    .     c - +0 shield
rPois  .         Spirit   .     (helmet unavailable)
rElec  .         Reflect  .     (no cloak)
rCorr  .         Harm     .     l - +0 pair of gloves
MR     .....                    (no boots)
Stlth  ..........               (no amulet)
                                (no ring)
                                (no ring)

@: mighty
A: permanent stasis, dig shafts and tunnels, four strong arms, antennae 3
a: Dig, Shaft Self


You were on level 3 of the Dungeon.
You were not hungry.

You visited 1 branch of the dungeon, and saw 3 of its levels.

You collected 151 gold pieces.

Inventory:

Hand Weapons
 a - a +0 war axe (weapon)
 y - a +0 scythe of pain
Armour
 b - a +0 scale mail
 c - a +0 shield (worn)
 e - a cursed +0 chain mail (worn)
 l - a +0 pair of gloves (worn)
Rods
 n - a +2 rod of ignition (9/9)
   (You found it on level 2 of the Dungeon)
Wands
 x - a wand of slowing (9/48)
Scrolls
 g - 2 scrolls of amnesia {unknown}
 i - a scroll of fear {unknown}
 m - 3 scrolls of identify {unknown}
 p - a scroll of recharging {unknown}
 q - 3 scrolls of remove curse {unknown}
 r - a scroll of magic mapping {unknown}
 t - a scroll of enchant weapon {unknown}
 w - a scroll of random uselessness {unknown}
Potions
 j - a potion of brilliance {unknown}
 o - a potion of cancellation {unknown}
 s - a potion of curing {unknown}
 u - a potion of invisibility {unknown}
Comestibles
 f - 3 bread rations
 h - 3 fruits
 k - 2 meat rations
 v - a slice of pizza


   Skills:
 + Level 4.3 Fighting
 + Level 3.5 Axes
 + Level 4.6 Armour
 + Level 2.1 Dodging
 + Level 4.7 Shields


You had 5 spell levels left.
You didn't know any spells.

Dungeon Overview and Level Annotations

Branches:
Dungeon (3/15)

Altars:

Annotations:
D:3 Grinder


Innate Abilities, Weirdness & Mutations

You are under a permanent stasis effect.
You can dig through walls and to a lower floor.
Your four strong arms can wield two-handed weapons with a shield.
You have a pair of large antennae on your head. (SInv)


Message History

The hobgoblin is heavily wounded.
You hit the kobold.
You kill the kobold!
You closely miss Grinder.
The hobgoblin hits you but does no damage.
Grinder gestures at you.
You struggle to resist.
You block the hobgoblin's attack. Grinder gestures at you.
Your stasis keeps you stable.
You slash the hobgoblin!
You kill the hobgoblin!
You closely miss Grinder. Grinder barely misses you.
You hit Grinder but do no damage. Grinder hits you.
* * * LOW HITPOINT WARNING * * *
You writhe in agony.
* * * LOW HITPOINT WARNING * * *
You feel very mighty all of a sudden. Grinder gestures at you.
Pain shoots through your body!
You die...

#.## ............. #..#
............# #.#
............####.#####..
.....(..................
.............# ...>.....
............# #####.###
.......5....# #.
.......@....# #.###
............# #...#
............# #...
............# #...
............# #...
............# #...
............## #..†
.............########...
###................#...


You could see Grinder.

Vanquished Creatures
  Sigmund (D:3)
  Jessica (D:3)
  4 adders
  An ooze (D:1)
  A worm (D:2)
  3 dart slugs
  A leopard gecko (D:2)
  4 bats
  3 giant cockroaches
  2 goblins (D:2)
  6 hobgoblins
  A quokka (D:1)
  2 ball pythons
  A frilled lizard (D:1)
  4 kobolds
  44 rats
79 creatures vanquished.

Notes
Turn   | Place    | Note
-------+----------+-------------------------------------------
     0 | D:1      | MTVSty1e the Formicid Fighter began the quest for the Orb.
     0 | D:1      | Reached XP level 1. HP: 18/18 MP: 1/1
    69 | D:1      | Reached XP level 2. HP: 22/24 MP: 2/2
   585 | D:1      | Reached skill level 1 in Dodging
   585 | D:1      | Reached XP level 3. HP: 29/29 MP: 3/3
  1154 | D:2      | Reached XP level 4. HP: 28/35 MP: 4/4
  1673 | D:3      | Noticed Jessica
  1679 | D:3      | Killed Jessica
  1679 | D:3      | Reached XP level 5. HP: 32/42 MP: 5/5
  1777 | D:3      | Noticed Sigmund
  1792 | D:3      | Killed Sigmund
  1792 | D:3      | Reached XP level 6. HP: 13/49 MP: 6/6
  2134 | D:3      | Noticed Grinder
  2143 | D:3      | Killed from afar by Grinder

Skill      XL: |  1  2  3  4  5 |
---------------+----------------+-----
Dodging        | 1 2 |  2.1
Shields        | 4 |  4.7
Armour         | 4 |  4.6
Axes           | 3 |  3.5
Fighting       | 4 |  4.3

Action                   |  1- 3 |  4- 6 || total
-------------------------+-------+-------++-------
Melee: War axe           |   101 |   163 ||   264
 Abil: Dig               |       |     1 ||     1
  Use: Potion            |       |     2 ||     2
  Eat: Meat ration       |       |     1 ||     1
Armor: Chain mail        |    64 |    84 ||   148
Dodge: Dodged            |    16 |    51 ||    67
Block: Shield            |    59 |    75 ||   134
